 Dungeon Crawl Stone Soup version 0.31-a0-848-gaac375c287 (webtiles) character file.

Game seed: 4747111689684795769

352 Dirtsage the Chopper (level 6, -1/47 HPs)
             Began as a Demonspawn Berserker on Oct 4, 2023.
             Was a Believer of Trog.
             Killed from afar by an orc wizard (3 damage)
             ... with a puff of flame
             ... on level 3 of the Dungeon.
             The game lasted 00:03:34 (2085 turns).

Dirtsage the Chopper (Demonspawn Berserker)         Turns: 2085, Time: 00:03:35

Health: -1/47      AC: 11    Str: 20    XL:     6   Next: 34%
Magic:  6/6        EV: 11    Int:  8    God:    Trog [**....]
Gold:   122        SH:  0    Dex: 12    Spells: 5/5 levels left

rFire   . . .        a - +0 hand axe
rCold   . . .        (no shield)
rNeg    . . .        k - +0 ring mail
rPois   .            (no helmet)
rElec   .            f - +0 cloak
rCorr   .            l - +1 pair of gloves
SInv    .            i - +0 pair of boots
Will    .....        (no amulet)
Stlth   +            (no ring)
HPRegen 0.27/turn    (no ring)
MPRegen 0.10/turn

%: no passive effects
@: no status effects
A: slimy green scales 1, icemail 1, condensation shield
a: Renounce Religion, Berserk, Trog's Hand


You were on level 3 of the Dungeon.
You worshipped Trog.
Trog was pleased with you.
You visited 1 branch of the dungeon, and saw 3 of its levels.

You collected 122 gold pieces.

Inventory:

Hand Weapons
 a - a +0 hand axe (weapon)
Armour
 b - a +0 animal skin
 f - a +0 cloak (worn)
 i - a +0 pair of boots (worn)
 k - a +0 ring mail (worn)
 l - a +1 pair of gloves (worn)
Wands
 m - a wand of charming (10)
Scrolls
 c - a scroll of teleportation {unknown}
 e - a scroll of revelation {unknown}
 g - a scroll of torment {unknown}
 j - 5 scrolls of identify {unknown}
Potions
 d - a potion of attraction {unknown}
 h - a potion of invisibility {unknown}


   Skills:
 - Level 3.0 Fighting
 + Level 6.6 Axes
 - Level 1.7 Armour
 - Level 1.7 Dodging


You had 5 spell levels left.
You didn't know any spells.
Your spell library contained the following spells:

 Spells                   Type           Power      Damage    Failure   Level
 Necrotise                Necr           0%         1d4       58%         1
 Cigotuvi's Dreadful Rot  Necr/Pois/Air  0%         N/A       73%         2
 Ignite Poison            Fire/Tmut/Pois 0%         N/A       91%         3
 Vampiric Draining        Necr           0%         2d6       91%         3
 Agony                    Necr           0%         N/A       100%        5
 Freezing Cloud           Conj/Ice/Air   0%         6-21      100%        5


Dungeon Overview and Level Annotations

Branches:
Dungeon (3/15)

Altars:


Innate Abilities, Weirdness & Mutations

You are partially covered in slimy green scales. (AC +2)
A meltable icy envelope protects you from harm. (AC +0)
A meltable shield of frost defends you. (SH +0)


Message History

You take 2 damage, and have 24/47 hp.
You completely miss the orc.
The orc is severely wounded.
The orc barely misses you.
You hit the orc.
The orc is almost dead.
The orc hits you with a +0 club.
The orc priest calls down the wrath of Beogh upon you.
Beogh smites you!
* * * LOW HITPOINT WARNING * * *
You take 13 damage, and have 12/47 hp.
MASSIVE DAMAGE!!
You hit the orc.
You kill the orc!
Trog accepts your kill.
You hit the orc priest.
The orc priest is moderately wounded.
An orc wizard appears from thin air!
Reactivating autopickup.
The orc priest hits you but does no damage.
You closely miss the orc priest.
The orc priest is moderately wounded.
The orc priest calls down the wrath of Beogh upon you.
Pain shoots through your body!
* * * LOW HITPOINT WARNING * * *
You take 11 damage, and have 1/47 hp.
MASSIVE DAMAGE!!
You slash the orc priest!
The orc priest is almost dead.
The orc priest hits you but does no damage.
You hit the orc priest.
You kill the orc priest!
Trog accepts your kill.
You barely miss the orc wizard. The orc wizard barely misses you.
The orc wizard hits you but does no damage.
You barely miss the orc wizard. The orc wizard barely misses you.
You barely miss the orc wizard.
The orc wizard hits you but does no damage.
The orc wizard gestures at you while chanting.
The puff of flame hits you.
Your icy defences dissipate!
You die...

#.### #.. #...#####
#.. #.#.##... #..
#.....?#. #..
#.##...#.
#..#########....####
#.............#...#.
#.†#####..###.###.#.
#.@o.....# #.###...
########.# #...~~~~
#.###~~~~≈≈≈
#.#~~~≈≈≈≈≈≈
#o~~≈≈≈≈≈~~~
#o≈≈≈≈~~~~.#
#~≈≈{~~....#
#~~o~##.#### ######
#


You could see an orc wizard.

Vanquished Creatures
  Sigmund (D:2)
  A hound (D:3)
  An orc priest (D:3)
  5 adders
  A worm (D:2)
  2 dart slugs (D:2)
  8 orcs (D:3)
  5 endoplasms
  3 giant cockroaches
  9 goblins
  7 hobgoblins
  6 jackals
  A quokka (D:1)
  2 ball pythons
  2 bats
  3 frilled lizards
  4 kobolds
  8 rats
69 creatures vanquished.

Notes
Turn   | Place    | Note
-------+----------+-------------------------------------------
     0 | D:1      | Dirtsage the Demonspawn Berserker began the quest for the
                  | Orb.
     0 | D:1      | Reached XP level 1. HP: 18/18 MP: 1/1
   276 | D:1      | Reached skill level 3 in Axes
   390 | D:1      | Gained mutation: A meltable shield of frost defends you.
                  | (SH +0) [demonic ancestry]
   390 | D:1      | Reached XP level 2. HP: 24/24 MP: 2/2
  1075 | D:2      | Reached skill level 4 in Axes
  1075 | D:2      | Gained mutation: You are partially covered in slimy green
                  | scales. (AC +2) [demonic ancestry]
  1075 | D:2      | Reached XP level 3. HP: 16/29 MP: 3/3
  1358 | D:2      | Reached XP level 4. HP: 29/35 MP: 4/4
  1393 | D:2      | Reached ** piety under Trog
  1587 | D:2      | Noticed Sigmund
  1608 | D:2      | Killed Sigmund
  1609 | D:2      | Reached skill level 6 in Axes
  1609 | D:2      | Gained mutation: A meltable icy envelope protects you from
                  | harm. (AC +0) [demonic ancestry]
  1609 | D:2      | Reached XP level 5. HP: 41/41 MP: 5/5
  1791 | D:3      | Reached XP level 6. HP: 46/47 MP: 6/6
  2080 | D:3      | HP: 1/47 [orc priest/nerve-wracking pain (12)]
  2085 | D:3      | Killed from afar by an orc wizard

Illustrated notes

Levels and vault maps discovered:
D:1:      erik_arrival_orb_chamber, layout_basic, nicolae_hexahallways
D:2:      layout_basic, uniq_sigmund
D:3:      wander_river, layout_loops_ring,
          hellmonk_ecumenical_altar_inner_sanctum

Skill      XL: |  1  2  3  4 |
---------------+-------------+-----
Axes           | 3 4 6 |  6.6
Fighting       | |  3.0
Armour         | |  1.7
Dodging        | |  1.7

Action                     |  1- 3 |  4- 6 || total
---------------------------+-------+-------++-------
  Melee: Hand axe          |    88 |   140 ||   228
         Punch             |       |     1 ||     1
 Invoke: Berserk           |     1 |     1 ||     2
   Stab: Sleeping          |     2 |       ||     2
 Armour: Animal skin       |    43 |    25 ||    68
         Ring mail         |       |    54 ||    54
  Dodge: Dodged            |    46 |    64 ||   110
  Block: Other             |     7 |    29 ||    36

Table legend: (Time is in decaauts)
 A = Elapsed time spent in this place.
 B = Non-inter-level travel time spent in this place.
 C = Inter-level travel time spent in this place.
 D = Time resting spent in this place.
 E = Time spent auto-exploring this place.
 F = Levels seen in this place.
 G = Mean time per level.
                   A        B        C        D        E       F      G
               +--------+--------+--------+--------+--------+-----+--------+
         Total |   2123 |   2094 |     29 |    101 |   1544 |   3 |  707.7 |
       Dungeon |   2123 |   2094 |     29 |    101 |   1544 |   3 |  707.7 |
               +--------+--------+--------+--------+--------+-----+--------+

Top non-repeatable levels by time:
     D:2: 909 daAuts
     D:1: 901 daAuts
     D:3: 312 daAuts
